 Dungeon Crawl Stone Soup version 0.31-a0-202-g547052bce9 (webtiles) character file.

Game seed: 9013133935073043675

25 qw the Shooter (level 2, 0/16 HPs)
             Began as a Deep Elf Hunter on June 26, 2023.
             Succumbed to an adder's poison
             ... on level 2 of the Dungeon.
             The game lasted 00:00:16 (847 turns).

qw the Shooter (Deep Elf Hunter)                     Turns: 847, Time: 00:00:16

Health: 0/16       AC:  7    Str:  8    XL:     2   Next: 86%
Magic:  4/4        EV:  8    Int: 13    God:
Gold:   31         SH:  0    Dex: 18    Spells: 1/1 levels left

rFire   . . .        Y - +0 shortbow
rCold   . . .        (shield currently unavailable)
rNeg    . . .        i - +0 scale mail
rPois   .            e - +1 hat
rElec   .            (no cloak)
rCorr   .            (no gloves)
SInv    .            (no boots)
Will    .....        (no amulet)
Stlth   +            (no ring)
HPRegen 0.22/turn    (no ring)
MPRegen 0.09/turn

%: no passive effects
@: lethally poisoned (0 -> -11)
A: no striking features
a: no special abilities


You were on level 2 of the Dungeon.
You visited 1 branch of the dungeon, and saw 2 of its levels.

You collected 31 gold pieces.


   Skills:
 - Level 1.5 Fighting
 + Level 6.5 Ranged Weapons
 - Level 2.4 Dodging
 - Level 1.2 Stealth


You had one spell level left.
You didn't know any spells.
Your spell library was empty.

Inventory:

Hand Weapons
 Y - a +0 shortbow (weapon)
Armour
 e - a +1 hat (worn)
 i - a +0 scale mail (worn)
Scrolls
 b - 2 scrolls of vulnerability {unknown}
Potions
 a - a potion of attraction {unknown}
 f - a potion of curing
 g - a potion of mutation {unknown}
 h - a potion of magic {unknown}

Dungeon Overview and Level Annotations

Branches:
Dungeon (2/15)

Altars:


Message History

The endoplasm quivers.
You see here a white potion.
Enter note: You shoot an arrow.
The arrow hits the endoplasm!
You kill the endoplasm!
a - a white potion
b - a scroll labelled QAUSIODEAKK
Enter note:
b - 2 scrolls labelled QAUSIODEAKK (gained 1)
A hobgoblin comes into view.
The hobgoblin shouts!
You hear an angry hiss.
Enter note:
Enter note:
Enter note: You shoot an arrow.
The arrow hits the hobgoblin!
You kill the hobgoblin!
An adder comes into view.
You shoot an arrow. The arrow closely misses the adder.
You shoot an arrow. The arrow completely misses the adder.
You shoot an arrow.
The arrow hits the adder but does no damage.
The adder bites you but does no damage.
You shoot an arrow. The arrow closely misses the adder.
The adder bites you.
You are poisoned.
The adder poisons you! The adder bites you but does no damage.
You shoot an arrow. The arrow barely misses the adder.
You feel sick.
The adder bites you but does no damage. x2
You shoot an arrow. The arrow hits the adder.
The adder is lightly wounded.
You feel sick. The adder closely misses you. The adder bites you.
You are more poisoned.
The adder poisons you!
You shoot an arrow. The arrow misses the adder.
You feel very sick. The adder bites you.
You are more poisoned.
The adder poisons you! The adder bites you but does no damage.
You shoot an arrow. The arrow barely misses the adder.
You die...

....#....##
#.#.#....# .
#.#......## ..
#.###...... ...
#.#.#...... ..
#.#...##... #.######
#.#.#.....#
#......####.......#.#
#@S....###.......#
#.####.%.###......
#....### #.#....
#..#...##..#......
##.#....##.###..#.
#.##....#..#.....
#..##...##.##.###
##..##...#.##....
#..###.#..##.##


You could see an adder.

Vanquished Creatures
  A dart slug (D:2)
  2 bats (D:1)
  3 endoplasms
  A goblin (D:1)
  A hobgoblin (D:2)
  2 jackals (D:1)
  6 kobolds
  2 quokkas (D:1)
  A frilled lizard (D:1)
  2 rats (D:1)
21 creatures vanquished.

Vanquished Creatures (others)
  2 endoplasms (D:2)
2 creatures vanquished.

Grand Total: 23 creatures vanquished

Notes
Turn   | Place    | Note
-------+----------+-------------------------------------------
     0 | D:1      | qw the Deep Elf Hunter began the quest for the Orb.
     0 | D:1      | Reached XP level 1. HP: 12/12 MP: 3/3
     0 | D:1      | 0 ||| qw: Version: 0.3-a-22-g0ed2b0b
     0 | D:1      | 0 ||| qw: Game counter: 6299
     0 | D:1      | 0 ||| qw: Melee chars always use a shield: true
     0 | D:1      | 0 ||| qw: God list: Okawaru
     0 | D:1      | 0 ||| qw: Allow faded altars: false
     0 | D:1      | 0 ||| qw: Do Orc after clearing Dungeon:15 true
     0 | D:1      | 0 ||| qw: Do second Lair branch before Depths: true
     0 | D:1      | 0 ||| qw: Lair rune preference: random
     0 | D:1      | 0 ||| qw: Goals: Normal
     0 | D:1      | 0 ||| PLANNING D:1-11
   212 | D:1      | Reached XP level 2. HP: 16/16 MP: 4/4
   216 | D:1      | Reached skill level 6 in Ranged Weapons
   664 | D:1      | 664 ||| UPGRADING to +1 hat.
   669 | D:1      | 669 ||| UPGRADING to +0 scale mail.
   679 | D:1      | 679 ||| DROPPING +0 leather armour.
   680 | D:1      | 680 ||| READING scroll labelled LAOBBI EXZUGRO.
   681 | D:1      | 681 ||| READING scroll labelled ILIDOARPH ITWUJ.
   682 | D:1      | 682 ||| DRINKING 2 fuming golden potions.
   683 | D:1      | 683 ||| DROPPING scroll of butterflies.
   846 | D:2      | HP: 4/16 [adder (1)]
   847 | D:2      | Succumbed to an adder's poison

Levels and vault maps discovered:
D:1:      roderic_chinese_lattice_arrival, layout_basic
D:2:      minmay_evil_eye, layout_basic, lemuel_flame_loot_1

Skill      XL: |  1  2 |
---------------+-------+-----
Ranged Weapons | 6 |  6.5
Fighting       | |  1.5
Dodging        | |  2.4
Stealth        | |  1.2

Action                     || total
---------------------------++-------
   Fire: Shortbow          ||    53
    Use: Scroll            ||     2
         Potion            ||     1
 Armour: Leather armour    ||     2
         Scale mail        ||     6
  Dodge: Dodged            ||     8

Table legend:
 A = Non-vault XP
 B = Vault XP
 C = Vault XP percentage of total XP
 D = Non-vault monster count
 E = Vault monster count
 F = Vault count percentage of total count
                 A         B        C        D         E       F
            +---------+---------+-------+---------+---------+-------
      Total |      35 |       2 |   5.4 |      20 |       1 |   4.8
            +---------+---------+-------+---------+---------+-------
        D:1 |      24 |       0 |   0.0 |      15 |       0 |   0.0
        D:2 |      11 |       2 |  15.4 |       5 |       1 |  16.7
            +---------+---------+-------+---------+---------+-------
